Workbook

Sheet con mto
A1: FORMATO CONSOLIDADO COSTOS DE MANO DE OBRA
A2: ITEM | B2: Nombre del activo | C2: V/R unitario | D2: Iva 16% | E2: Total con Iva
A3: 1 | B3: Automovil Chevrolet Chevy Taxi
A4: 2 | B4: Automovil Hyundai Accent GLS
A5: 3 | B5: Automovil Hyundai Atos Prime GL
A6: 4 | B6: Automovil Kia Rio
A7: 5 | B7: Automovil Mazda 323 NTI
A8: 6 | B8: Automovil Mazda 626 GLX
A9: 7 | B9: Automovil Nissan sentra
A10: 8 | B10: Automovil renault Logan
A11: 9 | B11: Automovil Renault Symbol
A12: 10 | B12: Automovil Renault Scala
A13: 11 | B13: Automovil Volkswagen Gol
A14: 12 | B14: Automovil Volkswagen Jetta
A15: 13 | B15: Automovil BMW
A16: 14 | B16: Camioneta Chevrolet Rodeo | C16: =SUM(#REF!) -> #REF! | D16: =SUM(#REF!) -> #REF! | E16: =SUM(#REF!) -> #REF!
A17: 15 | B17: Camioneta Chevrolet Luv | C17: =SUM(#REF!) -> #REF! | D17: =SUM(#REF!) -> #REF! | E17: =SUM(#REF!) -> #REF!
A18: 16 | B18: Camioneta Ford Escape | C18: =SUM(#REF!) -> #REF! | D18: =SUM(#REF!) -> #REF! | E18: =SUM(#REF!) -> #REF!
A19: 17 | B19: Camioneta Ford ECONOLINE E250 | C19: =SUM(#REF!) -> #REF! | D19: =SUM(#REF!) -> #REF! | E19: =SUM(#REF!) -> #REF!
A20: 18 | B20: Camioneta Hyundai TERRACAM SW | C20: =SUM(#REF!) -> #REF! | D20: =SUM(#REF!) -> #REF! | E20: =SUM(#REF!) -> #REF!
A21: 19 | B21: Camioneta Jeep GRAN CHEROKEE | C21: =SUM(#REF!) -> #REF! | D21: =SUM(#REF!) -> #REF! | E21: =SUM(#REF!) -> #REF!
A22: 20 | B22: Camioneta KIA SPORTAGE LX | C22: =SUM(#REF!) -> #REF! | D22: =SUM(#REF!) -> #REF! | E22: =SUM(#REF!) -> #REF!
A23: 21 | B23: Camioneta KIA MOHAVE | C23: =SUM(#REF!) -> #REF! | D23: =SUM(#REF!) -> #REF! | E23: =SUM(#REF!) -> #REF!
A24: 22 | B24: Camioneta Mazda BT 50 | C24: =SUM(#REF!) -> #REF! | D24: =SUM(#REF!) -> #REF! | E24: =SUM(#REF!) -> #REF!
A25: 23 | B25: Camioneta Mitsubishi L 300 | C25: =SUM(#REF!) -> #REF! | D25: =SUM(#REF!) -> #REF! | E25: =SUM(#REF!) -> #REF!
A26: 24 | B26: Camioneta Nissan Frontier | C26: =SUM(#REF!) -> #REF! | D26: =SUM(#REF!) -> #REF! | E26: =SUM(#REF!) -> #REF!
A27: 25 | B27: Camioneta Nissan Pathfinder | C27: =SUM(#REF!) -> #REF! | D27: =SUM(#REF!) -> #REF! | E27: =SUM(#REF!) -> #REF!
... A30: 28 | B30: Camioneta Volkswagen Amarok | C30: =SUM(#REF!) -> #REF! | D30: =SUM(#REF!) -> #REF! | E30: =SUM(#REF!) -> #REF!
B32: TOTAL | C32: =SUM(C3:C31) -> #REF! | D32: =SUM(D3:D31) -> #REF! | E32: =SUM(E3:E31) -> #REF!
B38: Firma Representante Legal
B39: Nombre Representante legal:
B40: Nit No.
B41: Dirección:
B42: Teléfono:

Sheet con rtos
A1: FORMATO CONSOLIDADO COSTOS DE REPUESTOS
A2: ITEM | B2: Nombre del activo | C2: V/R unitario | D2: Iva 16% | E2: Total con Iva
A3: 1 | B3: Automovil Chevrolet Chevy Taxi | C3: =SUM(#REF!) -> #REF! | D3: =SUM(#REF!) -> #REF! | E3: =SUM(#REF!) -> #REF!
A4: 2 | B4: Automovil Hyundai Accent GLS | C4: =SUM(#REF!) -> #REF! | D4: =SUM(#REF!) -> #REF! | E4: =SUM(#REF!) -> #REF!
A5: 3 | B5: Automovil Hyundai Atos Prime GL | C5: =SUM(#REF!) -> #REF! | D5: =SUM(#REF!) -> #REF! | E5: =SUM(#REF!) -> #REF!
A6: 4 | B6: Automovil Kia Rio | C6: =SUM(#REF!) -> #REF! | D6: =SUM(#REF!) -> #REF! | E6: =SUM(#REF!) -> #REF!
A7: 5 | B7: Automovil Mazda 323 NTI | C7: =SUM(#REF!) -> #REF! | D7: =SUM(#REF!) -> #REF! | E7: =SUM(#REF!) -> #REF!
A8: 6 | B8: Automovil Mazda 626 GLX | C8: =SUM(#REF!) -> #REF! | D8: =SUM(#REF!) -> #REF! | E8: =SUM(#REF!) -> #REF!
A9: 7 | B9: Automovil Nissan sentra | C9: =SUM(#REF!) -> #REF! | D9: =SUM(#REF!) -> #REF! | E9: =SUM(#REF!) -> #REF!
A10: 8 | B10: Automovil renault Logan | C10: =SUM(#REF!) -> #REF! | D10: =SUM(#REF!) -> #REF! | E10: =SUM(#REF!) -> #REF!
A11: 9 | B11: Automovil Renault Symbol | C11: =SUM(#REF!) -> #REF! | D11: =SUM(#REF!) -> #REF! | E11: =SUM(#REF!) -> #REF!
A12: 10 | B12: Automovil Renault Scala | C12: =SUM(#REF!) -> #REF! | D12: =SUM(#REF!) -> #REF! | E12: =SUM(#REF!) -> #REF!
A13: 11 | B13: Automovil Volkswagen Gol | C13: =SUM(#REF!) -> #REF! | D13: =SUM(#REF!) -> #REF! | E13: =SUM(#REF!) -> #REF!
A14: 12 | B14: Automovil Volkswagen Jetta | C14: =SUM(#REF!) -> #REF! | D14: =SUM(#REF!) -> #REF! | E14: =SUM(#REF!) -> #REF!
... A30: 28 | B30: Camioneta Volkswagen Amarok | C30: =SUM(#REF!) -> #REF! | D30: =SUM(#REF!) -> #REF! | E30: =SUM(#REF!) -> #REF!
B32: TOTAL | C32: =SUM(C3:C31) -> #REF! | D32: =SUM(D3:D31) -> #REF! | E32: =SUM(E3:E31) -> #REF!
B38: Firma Representante Legal
B39: Nombre Representante legal:
B40: Nit No.
B41: Dirección:
B42: Teléfono:

Sheet con gral
B1: FORMATO PROPUESTA GENERAL MANO DE OBRA Y REPUESTOS
B2: Item | C2: V/R unitario | D2: Iva 16% | E2: Total con Iva
B3: MANO DE OBRA | C3: =SUM('con mto'!C32) -> #REF! | D3: =SUM('con mto'!D32) -> #REF! | E3: =SUM('con mto'!E32) -> #REF!
B4: REPUESTOS | C4: =SUM('con rtos'!C32) -> #REF! | D4: =SUM('con rtos'!D32) -> #REF! | E4: =SUM('con rtos'!E32) -> #REF!
B5: TOTAL | C5: =SUM(C3:C4) -> #REF! | D5: =SUM(D3:D4) -> #REF! | E5: =SUM(E3:E4) -> #REF!
B13: Firma Representante Legal
B14: Nombre Representante legal:
B15: Nit No.
B16: Dirección:
B17: Teléfono:

Sheet MANO DE OBRA
A1: OFERTA ECONOMICA GRUPO 2 NORTE DE SANTANDER MANTENIMIENTO DE MOTOCICLETAS (MANO DE OBRA)
B2: Incluye costos directos e indirectos
A4: ITEM | B4: DESCRIPCION | C4: VALOR
A5: 1 | B5: REVISIONES PERIODICAS | C5: SUBTOTAL | D5: IVA | E5: PRECIO TOTAL | F5: SUBTOTAL | G5: IVA | H5: PRECIO TOTAL
A6: 1.1 | B6: SINCRONIZACION (INCLUYE REVISION Y LUBRICACION DE GUAYAS, CALIBRACION DE VALVULAS, LIMPIEZA CUERPO DE ACELERACION YA SEA UN MOTOR INYECTADO O CARBURADO, LAVADO DE INYECTORES POR ULTRASONIDO, CAMBIO DE FILTROS, CAMBIO O MANTENIMIENTO DE BUJIAS, CALIBRACION DE SENSORES Y REVISION ELECTRICA GENERAL).
A7: 1.2 | B7: MANTENIMIENTO GENERAL DE FRENOS (INCLUYE LIMPIEZA PROFUNDA DE MORDASAS Y/O CAMPANA, MANTENIMIENTO BOMBAS DE FRENO, MANTENIMIENTO DE CILINDROS CON CAMBIO DE O-RINGS, CAMBIO DE LIQUIDO DE FRENOS SEGUN CORRESPONDA, PURGA DE FRENOS,REVISION Y LUBRICACION DE GUAYAS, CAMBIO DE PASTILLAS SEGUN CORRESPONDA, CAMBIO O MANTENIMIENTO DE BANDAS SEGÚN CORRESPONDA.
A8: 1.3 | B8: MANTENIMIENTO RAPIDO (INCLUYE LAVADO, LUBRICACION Y AJUSTE DE CADENA,REVISION Y LUBRICACION DE GUAYAS, AJUSTE DE FRENOS , CAMBIO DE ACEITE Y FILTRO DE ACEITE SI LO REQUIERE. INSPECCION DE REFRIGERANTE)
A9: 1.4 | B9: MANTENIMIENTO COMPLETO (INCLUYE COMBOS SINCRONIZACION + MANTENIMIENTO GENERAL DE FRENOS + MANTENIMIENTO TREN DELANTERO + REVISION ELECTRICA + CORRECCION DE FUGAS Y AJUSTE DE MOTOR + CAMBIO DE ACEITE Y FILTROS).
A10: 1.5 | B10: MANTENIMIENTO TREN DELANTERO (INCLUYE REVISION Y LUBRICACION DE GUAYAS, MANTENIMIENTO O CAMBIO DE CUNAS DE DIRECCION, LIMPIEZA Y ENGRASE DE EJE, REVISION Y CAMBIO DE RODAMIENTOS SI ES NECESARIO, MANTENIMIENTO DE BARRAS DE SUSPENSION CON CAMBIO DE ACEITE DE BARRAS Y SI ES NECESARIO CAMBIO DE RETENEDORES TELESCOPICOS.)
A11: 1.6 | B11: MANTEINIMENTO PREVENTIVO (INCLUYE SINCRONIZACION + MANTENIMIENTO GENERAL DE FRENOS)
A12: 1.7 | B12: MANTENIMIENTO BASICO (INCLUYE CAMBIO DE ACEITE Y FILTRO + PASTILLAS Y/O BANDAS SEGÚN CORRESPONDA
B13: SUBTOTAL
A14: 2 | B14: SINCRONIZACION | C14: SUBTOTAL | D14: IVA | E14: PRECIO TOTAL | F14: SUBTOTAL | G14: IVA | H14: PRECIO TOTAL
A15: 2.1 | B15: CAMBIO GUAYA ACELERADOR
A16: 2.2 | B16: CAMBIO GUAYA CHOKE
A17: 2.3 | B17: LUBRICAR GUAYAS
A18: 2.4 | B18: COMPROBACION NIVELES
A19: 2.5 | B19: CAMBIO CAPUCHON BUJIA
A20: 2.6 | B20: CAMBIO BOMBA COMBUSTIBLE
A21: 2.7 | B21: MANTENIMIENTO BOMBA DE COMBUSTIBLE (INCUYE CAMBIO DE FILTRO)
A22: 2.8 | B22: CAMBIO DE BUJIAS
A23: 2.9 | B23: FILTRO DE AIRE
A24: 2.10 | B24: SENSOR O SENSORES SISTEMA FI
A25: 2.11 | B25: INYECTORES
A26: 2.12 | B26: CAMBIO BOBINA DE ALTA
B27: SUBTOTAL
A28: 3 | B28: MOTOR | C28: SUBTOTAL | D28: IVA | E28: PRECIO TOTAL | F28: SUBTOTAL | G28: IVA | H28: PRECIO TOTAL
A29: 3.1 | B29: DIAGNOSTICO MOTOR
A30: 3.2 | B30: REPARACION MOTOR A
A31: 3.3 | B31: CAMBIO RETENEDOR BOMBA AGUA
A32: 3.4 | B32: CAMBIO BOMBA ACEITE MOTOR
A33: 3.5 | B33: CAMBIO CAUCHOS O SELLOS DE VALVULAS
A34: 3.6 | B34: CAMBIO ACEITE Y FILTRO DE ACEITE
A35: 3.7 | B35: MANTENIMIENTO BOMBA DE AGUA (INCLUYE CAMBIO DE ACEITE Y EMPAQUE TAPA EMBRAGUE)
B36: SUBTOTAL
A37: 4 | B37: SISTEMA DE TRANSFERENCIA | C37: SUBTOTAL | D37: IVA | E37: PRECIO TOTAL | F37: SUBTOTAL | G37: IVA | H37: PRECIO TOTAL
A38: 4.1 | B38: REPARACION CAJA VELOCIDADES( Motor B)
A39: 4.2 | B39: CAMBIO EMBRAGUE
A40: 4.3 | B40: CAMBIO EMPAQUE TAPA EMBRAGUE
A41: 4.4 | B41: CAMBIO DISCOS EMBRAGUE
A42: 4.5 | B42: CAMBIO MANIGUETA EMBRAGUE
A43: 4.6 | B43: CAMBIO GUAYA EMBRAGUE
A44: 4.7 | B44: CAMBIO RETENEDOR PINON SALIDA
A45: 4.8 | B45: CAMBIO KIT ARRASTRE
A46: 4.9 | B46: TENSIONAR Y LUBRICAR CADENA KIT ARRASTRE
A47: 4.10 | B47: CAMBIO MANDO EMBRAGUE
A48: 4.11 | B48: CAMBIO RETENEDOR EJE DE SALIDA
A49: 4.12 | B49: CAMBIO PERA NEUTRO
... A52: 4.15 | B52: CAMBIO DE SELECTOR DE EMBRAGUE
B53: SUBTOTAL
A54: 5 | B54: SISTEMA DE SUSPENSION | C54: SUBTOTAL | D54: IVA | E54: PRECIO TOTAL | F54: SUBTOTAL | G54: IVA | H54: PRECIO TOTAL
A55: 5.1 | B55: CAMBIO RETENEDOR TELESCOPICCOS
A56: 5.2 | B56: REVISION Y/O CAMBIO AMORTIGUADOR TRASERO
A57: 5.3 | B57: CAMBIO BUJE AMORTIGUADOR TRASERO
A58: 5.4 | B58: GRADUAR AMORTIGUADOR TRASERO
A59: 5.5 | B59: CAMBIO EJE RUEDA DELANTERA
A60: 5.6 | B60: CAMBIO EJE RUEDA TRASERA
A61: 5.7 | B61: CAMBIO RODAMIENTO DELANTEROS
A62: 5.8 | B62: CAMBIO RODAMIENTO TRASEROS
A63: 5.9 | B63: ENGRASAR RODAMIENTOS DELANTEROS/TRASEROS
A64: 5.10 | B64: MANTENIMIENTO SUSPENSIÓN DELANTERA
A65: 5.11 | B65: MANTENIMIENTO SUSPENSIÓN TRASERA
A66: 5.12 | B66: CAMBIO COJINETES DE AGUJAS Y BUJES SUSPENSIÓN TRASERA
B67: SUBTOTAL
A68: 6 | B68: SISTEMA DE DIRECCION | C68: SUBTOTAL | D68: IVA | E68: PRECIO TOTAL | F68: SUBTOTAL | G68: IVA | H68: PRECIO TOTAL
A69: 6.1 | B69: CAMBIAR CUNAS DIRECCION
A70: 6.2 | B70: CENTRADO, COBALADO Y BALANCEADO DE RINES (INCLUYE EL ARME Y DESARME)
B71: SUBTOTAL
A72: 7 | B72: SISTEMA DE FRENOS | C72: SUBTOTAL | D72: IVA | E72: PRECIO TOTAL | F72: SUBTOTAL | G72: IVA | H72: PRECIO TOTAL
A73: 7.1 | B73: CAMBIAR PASTILLAS DELANTERAS
A74: 7.2 | B74: CAMBIAR PASTILLAS O BANDAS TRASERAS
A75: 7.3 | B75: CAMBIO BOMBA FRENOS
A76: 7.4 | B76: CAMBIO DISCO FRENO DELANTEROS
A77: 7.5 | B77: CAMBIO DISCO FRENO TRASEROS
A78: 7.6 | B78: CAMBIO MORDAZA
A79: 7.7 | B79: CAMBIO GUAYA FRENO
A80: 7.8 | B80: CAMBIO MANGUERA FRENO
A81: 7.9 | B81: CAMBIO LIQUIDO FRENOS
A82: 7.10 | B82: CAMBIO PERA PEDAL FRENO
A83: 7.11 | B83: CAMBIO MANIGUETA FRENO
A84: 7.12 | B84: CAMBIO PEDAL DE FRENO
... A86: 7.14 | B86: CAMBIO PERA FRENO DELANTERO
B87: SUBTOTAL
A88: 8 | B88: SISTEMA ELÉCTRICO | C88: SUBTOTAL | D88: IVA | E88: PRECIO TOTAL | F88: SUBTOTAL | G88: IVA | H88: PRECIO TOTAL
A89: 8.1 | B89: DIAGNOSTICO GENERAL DE SISTEMA ELECTRICO Y ESCANER
A90: 8.2 | B90: ARREGLO MOTOR DE ARRANQUE
A91: 8.3 | B91: CAMBIO PITO
A92: 8.4 | B92: ARREGLO CONJUNTO SIRENA
A93: 8.5 | B93: CAMBIO AUTOMATICO (ARRANQUE)
A94: 8.6 | B94: CAMBIAR MOTOR ARRANQUE
A95: 8.7 | B95: ARREGLO PLANTA DE LUCES STROBERT
A96: 8.8 | B96: CAMBIO RAMAL PRINCIPAL
A97: 8.9 | B97: CAMBIO RAMAL ADICIONAL
A98: 8.10 | B98: CAMBIO RAMAL FAROLAS
A99: 8.11 | B99: VERIFICAR SISTEMA DE CARGA
A100: 8.12 | B100: VERIFICAR SISTEMA DE ILUMINACIÓN (INCLUYE STROBERT)
... A105: 8.17 | B105: CAMBIO REGULADOR
B106: SUBTOTAL
A107: 9 | B107: SISTEMA DE REFRIGERACION | C107: SUBTOTAL | D107: IVA | E107: PRECIO TOTAL | F107: SUBTOTAL | G107: IVA | H107: PRECIO TOTAL
A108: 9.1 | B108: DIAGNOSTICO SISTEMA REFRIGERACION MOTOR
...

Sheet REPUESTOS
A1: OFERTA ECONOMICA MANTENIMIENTO DE MOTOCICLETAS (REPUESTOS)
A2: DESCRIPCION | B2: YAMAHA DT 125 / DT 175 | E2: YAMAHA FZ-S 150 | H2: YAMAHA T115 | K2: YAMAHA XTZ 250 D | N2: YAMAHA XT 225 D | Q2: YAMAHA XTZ 125 | T2: YAMAHA DR 200 | W2: YAMAHA YW 125 | Z2: BAJAJ PULSAR 220 | AC2: HONDA XR 200 / XR 200 / XL 200 | AF2: HONDA XR 125 | AI2: SUZUKI BEST 125 | AL2: SUZUKI DR 200 | AO2: SUZUKI 650 | AR2: SUZUKI GS 125 | AU2: SUZUKI VIVAR R 115 | AX2: SUZUKI GIXXER
A4: SINCRONIZACIÓN | B4: SUBTOTAL | C4: IVA | D4: TOTAL | E4: SUBTOTAL | F4: IVA | G4: TOTAL | H4: SUBTOTAL | I4: IVA | J4: TOTAL | K4: SUBTOTAL | L4: IVA | M4: TOTAL | N4: SUBTOTAL | O4: IVA | P4: TOTAL | Q4: SUBTOTAL | R4: IVA | S4: TOTAL | T4: SUBTOTAL | U4: IVA | V4: TOTAL | W4: SUBTOTAL | X4: IVA | Y4: TOTAL | Z4: SUBTOTAL | AA4: IVA | AB4: TOTAL | AC4: SUBTOTAL | AD4: IVA | AE4: TOTAL | AF4: SUBTOTAL | AG4: IVA | AH4: TOTAL | AI4: SUBTOTAL | AJ4: IVA | AK4: TOTAL | AL4: SUBTOTAL | AM4: IVA | AN4: TOTAL | AO4: SUBTOTAL | AP4: IVA | AQ4: TOTAL | AR4: SUBTOTAL | AS4: IVA | AT4: TOTAL | AU4: SUBTOTAL | AV4: IVA | AW4: TOTAL | AX4: SUBTOTAL | AY4: IVA | AZ4: TOTAL
A5: AGUJAS DEL CARBURADOR
A6: BASE Y PUNZON
A7: BUJIA
A8: CHICLER DE ALTA
A9: CHICLER DE MINIMA
A10: COMANDO ACELERADOR
A11: CORTINA DEL CARBURADOR
A12: FILTRO DE AIRE
A13: FILTRO COMBUSTIBLE
A14: GUAYA ACELERADOR
A15: GUAYA CHOQUE
A16: PULVERIZADOR
... A36: SUBTOTAL
A37: MOTOR | B37: SUBTOTAL | C37: IVA | D37: TOTAL | E37: SUBTOTAL | F37: IVA | G37: TOTAL | H37: SUBTOTAL | I37: IVA | J37: TOTAL | K37: SUBTOTAL | L37: IVA | M37: TOTAL | N37: SUBTOTAL | O37: IVA | P37: TOTAL | Q37: SUBTOTAL | R37: IVA | S37: TOTAL | T37: SUBTOTAL | U37: IVA | V37: TOTAL | W37: SUBTOTAL | X37: IVA | Y37: TOTAL | Z37: SUBTOTAL | AA37: IVA | AB37: TOTAL | AC37: SUBTOTAL | AD37: IVA | AE37: TOTAL | AF37: SUBTOTAL | AG37: IVA | AH37: TOTAL | AI37: SUBTOTAL | AJ37: IVA | AK37: TOTAL | AL37: SUBTOTAL | AM37: IVA | AN37: TOTAL | AO37: SUBTOTAL | AP37: IVA | AQ37: TOTAL | AR37: SUBTOTAL | AS37: IVA | AT37: TOTAL | AU37: SUBTOTAL | AV37: IVA | AW37: TOTAL | AX37: SUBTOTAL | AY37: IVA | AZ37: TOTAL
A38: MOTOR COMPLETO
A39: BLOQUE
A40: CIGUEÑAL
A41: CULATA
A42: KIT PISTON
A43: JUEGO BALANCINES A/E
A44: JUEGO PASADOR BALANCINES A/E
A45: KIT BIELA
A46: BOMBA ACEITE MOTOR
A47: BUJES EJE LEVAS
A48: BUJES BALANCIN
A49: CANASTILLA BALANCIN
... A111: SUBTOTAL
A112: SISTEMA DE TRANSFERENCIA | B112: SUBTOTAL | C112: IVA | D112: TOTAL | E112: SUBTOTAL | F112: IVA | G112: TOTAL | H112: SUBTOTAL | I112: IVA | J112: TOTAL | K112: SUBTOTAL | L112: IVA | M112: TOTAL | N112: SUBTOTAL | O112: IVA | P112: TOTAL | Q112: SUBTOTAL | R112: IVA | S112: TOTAL | T112: SUBTOTAL | U112: IVA | V112: TOTAL | W112: SUBTOTAL | X112: IVA | Y112: TOTAL | Z112: SUBTOTAL | AA112: IVA | AB112: TOTAL | AC112: SUBTOTAL | AD112: IVA | AE112: TOTAL | AF112: SUBTOTAL | AG112: IVA | AH112: TOTAL | AI112: SUBTOTAL | AJ112: IVA | AK112: TOTAL | AL112: SUBTOTAL | AM112: IVA | AN112: TOTAL | AO112: SUBTOTAL | AP112: IVA | AQ112: TOTAL | AR112: SUBTOTAL | AS112: IVA | AT112: TOTAL | AU112: SUBTOTAL | AV112: IVA | AW112: TOTAL | AX112: SUBTOTAL | AY112: IVA | AZ112: TOTAL
A113: SELECTOR DE CAMBIOS
A114: BUJE TENSOR CADENA
A115: BUJES CONTROL CAMBIO
A116: BUJES EMBRAGUE
A117: BUJES PORTA PLATO
A118: CABLE GUAYA EMBRAGUE
A119: CANASTILLAS VARILLA DE EMBRAGUE
A120: DISCOS EMBRAGUE
A121: EJE DE CAMBIOS
A122: KIT EMBRAGUE
A123: EMPAQUETADURA CAJA VELOCIDADES
A124: GUAYA EMBRAGUE
... A169: SUBTOTAL
A170: SISTEMA DE SUSPENSIÓN | B170: SUBTOTAL | C170: IVA | D170: TOTAL | E170: SUBTOTAL | F170: IVA | G170: TOTAL | H170: SUBTOTAL | I170: IVA | J170: TOTAL | K170: SUBTOTAL | L170: IVA | M170: TOTAL | N170: SUBTOTAL | O170: IVA | P170: TOTAL | Q170: SUBTOTAL | R170: IVA | S170: TOTAL | T170: SUBTOTAL | U170: IVA | V170: TOTAL | W170: SUBTOTAL | X170: IVA | Y170: TOTAL | Z170: SUBTOTAL | AA170: IVA | AB170: TOTAL | AC170: SUBTOTAL | AD170: IVA | AE170: TOTAL | AF170: SUBTOTAL | AG170: IVA | AH170: TOTAL | AI170: SUBTOTAL | AJ170: IVA | AK170: TOTAL | AL170: SUBTOTAL | AM170: IVA | AN170: TOTAL | AO170: SUBTOTAL | AP170: IVA | AQ170: TOTAL | AR170: SUBTOTAL | AS170: IVA | AT170: TOTAL | AU170: SUBTOTAL | AV170: IVA | AW170: TOTAL | AX170: SUBTOTAL | AY170: IVA | AZ170: TOTAL
A171: BUJE AMORTIGUADOR TRASERO
A172: BUJE TIJERA
A173: BUJES AMORTIGUADOR DELANTERO
A174: BUJES TIJERA
A175: BUJES SUSPENSION
A176: CANASTILLA SUSPENSION
A177: EJE RUEDA DELANTERA
A178: EJE RUEDA TRASERA
A179: KIT RADIOS DELANTEROS
A180: KIT RADIOS TRASEROS
A181: LLANTA DELANTERA
A182: LLANTA TRASERA
... A204: SUBTOTAL
A205: SISTEMA DE DIRECCIÓN | B205: SUBTOTAL | C205: IVA | D205: TOTAL | E205: SUBTOTAL | F205: IVA | G205: TOTAL | H205: SUBTOTAL | I205: IVA | J205: TOTAL | K205: SUBTOTAL | L205: IVA | M205: TOTAL | N205: SUBTOTAL | O205: IVA | P205: TOTAL | Q205: SUBTOTAL | R205: IVA | S205: TOTAL | T205: SUBTOTAL | U205: IVA | V205: TOTAL | W205: SUBTOTAL | X205: IVA | Y205: TOTAL | Z205: SUBTOTAL | AA205: IVA | AB205: TOTAL | AC205: SUBTOTAL | AD205: IVA | AE205: TOTAL | AF205: SUBTOTAL | AG205: IVA | AH205: TOTAL | AI205: SUBTOTAL | AJ205: IVA | AK205: TOTAL | AL205: SUBTOTAL | AM205: IVA | AN205: TOTAL | AO205: SUBTOTAL | AP205: IVA | AQ205: TOTAL | AR205: SUBTOTAL | AS205: IVA | AT205: TOTAL | AU205: SUBTOTAL | AV205: IVA | AW205: TOTAL | AX205: SUBTOTAL | AY205: IVA | AZ205: TOTAL
A206: CUNAS DIRECCION
A207: JUEGO T DIRECCION
A208: SUBTOTAL
A209: SISTEMA DE FRENOS | B209: SUBTOTAL | C209: IVA | D209: TOTAL | E209: SUBTOTAL | F209: IVA | G209: TOTAL | H209: SUBTOTAL | I209: IVA | J209: TOTAL | K209: SUBTOTAL | L209: IVA | M209: TOTAL | N209: SUBTOTAL | O209: IVA | P209: TOTAL | Q209: SUBTOTAL | R209: IVA | S209: TOTAL | T209: SUBTOTAL | U209: IVA | V209: TOTAL | W209: SUBTOTAL | X209: IVA | Y209: TOTAL | Z209: SUBTOTAL | AA209: IVA | AB209: TOTAL | AC209: SUBTOTAL | AD209: IVA | AE209: TOTAL | AF209: SUBTOTAL | AG209: IVA | AH209: TOTAL | AI209: SUBTOTAL | AJ209: IVA | AK209: TOTAL | AL209: SUBTOTAL | AM209: IVA | AN209: TOTAL | AO209: SUBTOTAL | AP209: IVA | AQ209: TOTAL | AR209: SUBTOTAL | AS209: IVA | AT209: TOTAL | AU209: SUBTOTAL | AV209: IVA | AW209: TOTAL | AX209: SUBTOTAL | AY209: IVA | AZ209: TOTAL
A210: BANDAS FRENOS TRASEROS
A211: BANDAS FRENOS DELANTEROS
A212: BOMBA DE FRENO DELANTERO
A213: BOMBA DE FRENO TRASERO
A214: CAMPANA FRENO
A215: DISCO FRENO DELANTERO
A216: DISCO FRENO TRASERO
A217: EMPAQUETADURA BOMBA FRENO TRASERO
A218: EMPAQUETADURA MORDAZA
A219: GUAYA FRENO
A220: KALIPERS
A221: KIT EMPAQUES MORDAZA TRASERA
... A240: SUBTOTAL
A241: SISTEMA ELÉCTRICO | B241: SUBTOTAL | C241: IVA | D241: TOTAL | E241: SUBTOTAL | F241: IVA | G241: TOTAL | H241: SUBTOTAL | I241: IVA | J241: TOTAL | K241: SUBTOTAL | L241: IVA | M241: TOTAL | N241: SUBTOTAL | O241: IVA | P241: TOTAL | Q241: SUBTOTAL | R241: IVA | S241: TOTAL | T241: SUBTOTAL | U241: IVA | V241: TOTAL | W241: SUBTOTAL | X241: IVA | Y241: TOTAL | Z241: SUBTOTAL | AA241: IVA | AB241: TOTAL | AC241: SUBTOTAL | AD241: IVA | AE241: TOTAL | AF241: SUBTOTAL | AG241: IVA | AH241: TOTAL | AI241: SUBTOTAL | AJ241: IVA | AK241: TOTAL | AL241: SUBTOTAL | AM241: IVA | AN241: TOTAL | AO241: SUBTOTAL | AP241: IVA | AQ241: TOTAL | AR241: SUBTOTAL | AS241: IVA | AT241: TOTAL | AU241: SUBTOTAL | AV241: IVA | AW241: TOTAL | AX241: SUBTOTAL | AY241: IVA | AZ241: TOTAL
A242: AUTOMATICO ARRANQUE
A243: BATERIA
A244: BENDIX
A245: BOBINA DINAMO
A246: BOBINA PULSORA
A247: BOBINA DE ALTA
A248: BOMBILLO STOP
A249: BOMBILLO DIRECCIONAL
A250: BOMBILLO FAROLA
A251: BOMBILLO TABLERO
A252: BOMBILLO VIGIA
A253: BUJES MOTOR DE ARRANQUE
... A313: SUBTOTAL
A314: SISTEMA DE REFRIGERACIÓN | B314: SUBTOTAL | C314: IVA | D314: TOTAL | E314: SUBTOTAL | F314: IVA | G314: TOTAL | H314: SUBTOTAL | I314: IVA | J314: TOTAL | K314: SUBTOTAL | L314: IVA | M314: TOTAL | N314: SUBTOTAL | O314: IVA | P314: TOTAL | Q314: SUBTOTAL | R314: IVA | S314: TOTAL | T314: SUBTOTAL | U314: IVA | V314: TOTAL | W314: SUBTOTAL | X314: IVA | Y314: TOTAL | Z314: SUBTOTAL | AA314: IVA | AB314: TOTAL | AC314: SUBTOTAL | AD314: IVA | AE314: TOTAL | AF314: SUBTOTAL | AG314: IVA | AH314: TOTAL | AI314: SUBTOTAL | AJ314: IVA | AK314: TOTAL | AL314: SUBTOTAL | AM314: IVA | AN314: TOTAL | AO314: SUBTOTAL | AP314: IVA | AQ314: TOTAL | AR314: SUBTOTAL | AS314: IVA | AT314: TOTAL | AU314: SUBTOTAL | AV314: IVA | AW314: TOTAL | AX314: SUBTOTAL | AY314: IVA | AZ314: TOTAL
A315: RADIADOR
A316: MANGUERA RADIADOR
A317: TERMOSTATO
A318: Líquido refrigerante
A319: SUBTOTAL
A320: SISTEMA DE ESCAPE | B320: SUBTOTAL | C320: IVA | D320: TOTAL | E320: SUBTOTAL | F320: IVA | G320: TOTAL | H320: SUBTOTAL | I320: IVA | J320: TOTAL | K320: SUBTOTAL | L320: IVA | M320: TOTAL | N320: SUBTOTAL | O320: IVA | P320: TOTAL | Q320: SUBTOTAL | R320: IVA | S320: TOTAL | T320: SUBTOTAL | U320: IVA | V320: TOTAL | W320: SUBTOTAL | X320: IVA | Y320: TOTAL | Z320: SUBTOTAL | AA320: IVA | AB320: TOTAL | AC320: SUBTOTAL | AD320: IVA | AE320: TOTAL | AF320: SUBTOTAL | AG320: IVA | AH320: TOTAL | AI320: SUBTOTAL | AJ320: IVA | AK320: TOTAL | AL320: SUBTOTAL | AM320: IVA | AN320: TOTAL | AO320: SUBTOTAL | AP320: IVA | AQ320: TOTAL | AR320: SUBTOTAL | AS320: IVA | AT320: TOTAL | AU320: SUBTOTAL | AV320: IVA | AW320: TOTAL | AX320: SUBTOTAL | AY320: IVA | AZ320: TOTAL
A321: EMPAQUE EXHOSTO
A322: EMPAQUE TAPA EXHOSTO
A323: SOPORTE SISTEMA EXHOSTO
...

Sheet CONSOLIDADO
A1: SUBDIRECCION REGIONAL DE APOYO NORORIENTAL
A3: OBJETO: “PRESTAR EL SERVICIO DE MANTENIMIENTO PREVENTIVO Y CORRECTIVO DE LAS MOTOCICLETAS QUE CONFORMAN EL PARQUE AUTOMOTOR DE LA SUBDIRECCIÓN REGIONAL DE APOYO NORORIENTAL DE LA FISCALÍA GENERAL DE LA NACIÓN, SECCIONAL SANTANDER, EN SUS DIFERENTES TIPOS, MARCAS Y MODELOS CON SUMINISTRO DE REPUESTOS NUEVOS U HOMOLOGADOS.”
A5: RESUMEN CONSOLIDADO ANEXO 4. OFERTA ECONOMICA
A8: TOTAL MANO DE OBRA INCLUIDO IVA
A9: TOTAL REPUESTOS INCLUIDO IVA
A10: VALOR TOTAL OFERTA ECONOMICA
